 Dungeon Crawl Stone Soup version 0.19-a0-1626-g5215c36 (webtiles) character file.

121 HAL9000 the Cudgeler (level 4, -2/39 HPs)
             Began as a Minotaur Fighter on Sept 18, 2016.
             Killed from afar by an orc wizard (6 damage)
             ... with a magic dart
             ... on level 3 of the Dungeon.
             The game lasted 00:03:24 (1435 turns).

HAL9000 the Cudgeler (Minotaur Fighter)             Turns: 1435, Time: 00:03:24

Health: -2/39      AC:  6    Str: 22    XL:     4   Next: 76%
Magic:  3/3        EV:  7    Int:  5    God:
Gold:   110        SH:  9    Dex:  9    Spells: 0 memorised, 3 levels left

rFire  . . .     SeeInvis .     a - +0 flail
rCold  . . .     Gourm    .     b - +0 scale mail
rNeg   . . .     Faith    .     c - +0 shield
rPois  .         Spirit   .     (helmet restricted)
rElec  .         Dismiss  .     (no cloak)
rCorr  .         Reflect  .     (no gloves)
MR     .....     Harm     .     (no boots)
Stlth  .......... Rnd*Tele +    g - amulet of magic regeneration
                                (no ring)
                                t - ring of teleportation (curse)

@: no status effects
A: retaliatory headbutt, horns 2
a: no special abilities


You were on level 3 of the Dungeon.
You were not hungry.

You visited 1 branch of the dungeon, and saw 3 of its levels.

You collected 110 gold pieces.

Inventory:

Hand Weapons
 a - a +0 flail (weapon)
Missiles
 k - 4 tomahawks (quivered)
Armour
 b - a +0 scale mail (worn)
 c - a +0 shield (worn)
Jewellery
 g - an amulet of magic regeneration (around neck)
 t - a cursed ring of teleportation (left hand)
Wands
 p - a wand of heal wounds (3/9)
Scrolls
 h - a scroll of identify {unknown}
 m - a scroll of magic mapping {unknown}
 o - a scroll of remove curse {unknown}
 r - a scroll of recharging {unknown}
 u - a scroll of fog {unknown}
 w - a scroll of fear {unknown}
Potions
 i - a potion of haste {unknown}
 l - a potion of brilliance {unknown}
 q - 2 potions of curing {unknown}
 s - 2 potions of heal wounds {unknown}
Comestibles
 f - a bread ration
 j - 5 fruits
 n - a beef jerky
 v - a meat ration
 x - 2 chunks of flesh


   Skills:
 - Level 3.6 Fighting
 * Level 5.1 Maces & Flails
 - Level 3.6 Armour
 + Level 4.8 Shields


You had 3 spell levels left.
You didn't know any spells.

Dungeon Overview and Level Annotations

Branches:
Dungeon (3/15)

Altars:


Innate Abilities, Weirdness & Mutations

You reflexively headbutt those who attack you in melee.
You have a pair of horns on your head.


Message History

The orc wizard hits you but does no damage.
You closely miss the orc wizard.
The orc wizard hits you but does no damage.
The orc wizard points at you and mumbles some strange words.
The magic dart hits you!
* * * LOW HITPOINT WARNING * * *
You are too injured to fight recklessly!
Unknown command.
You hit the orc wizard but do no damage.
Your headbutt misses the orc wizard.
The orc wizard points at you and mumbles some strange words.
The magic dart hits you!
* * * LOW HITPOINT WARNING * * *
The orc wizard hits you with a dagger.
* * * LOW HITPOINT WARNING * * *
Your shield and scale mail prevent you from hitting the orc wizard.
The orc wizard hits you but does no damage.
The orc wizard points at you and mumbles some strange words.
The magic dart hits you!
You die...

#.....####.#
#.†<†.<##
#####...# #.#.#
#.#.# ##.#.# .
#!.#.##....
######.)o....$..
......)@#.##....
####..###.>. .
..... .....
#...## #......
..## ...... .#
....oo ......


You could see an orc wizard.

Vanquished Creatures
  An orc wizard (D:3)
  Terence (D:1)
  2 adders (D:2)
  A worm (D:2)
  A dart slug (D:1)
  3 leopard geckos
  An orc (D:3)
  A ball python (D:2)
  2 giant cockroaches
  6 hobgoblins
  3 jackals (D:3)
  6 bats
  4 frilled lizards
  A goblin (D:2)
  5 kobolds
  4 rats
42 creatures vanquished.

Notes
Turn   | Place    | Note
-------+----------+-------------------------------------------
     0 | D:1      | HAL9000 the Minotaur Fighter began the quest for the Orb.
     0 | D:1      | Reached XP level 1. HP: 19/19 MP: 0/0
    87 | D:1      | Reached skill level 3 in Maces & Flails
   282 | D:1      | Reached XP level 2. HP: 25/26 MP: 1/1
   679 | D:2      | Noticed Terence
   717 | D:1      | Killed Terence
   717 | D:1      | Reached skill level 4 in Maces & Flails
   717 | D:1      | Reached XP level 3. HP: 3/31 MP: 2/2
  1193 | D:2      | Reached XP level 4. HP: 38/39 MP: 3/3
  1416 | D:3      | Reached skill level 5 in Maces & Flails
  1435 | D:3      | Killed from afar by an orc wizard

Vault maps used:
D:1:      minmay_arrival_loop, minmay_tromino_v4_a
D:2:      uniq_terence
D:3:      hangedman_decor_push

Skill      XL: |  1  2  3  4 |
---------------+-------------+-----
Maces & Flails | 3 4 5 |  5.1
Shields        | 4 |  4.8
Fighting       | |  3.6
Armour         | |  3.6

Action                   |  1- 3 |  4- 6 || total
-------------------------+-------+-------++-------
Melee: Flail             |    92 |    63 ||   155
       Headbutt          |    10 |     3 ||    13
  Use: Potion            |     1 |       ||     1
  Eat: Chunk             |       |     2 ||     2
Armor: Scale mail        |    33 |    30 ||    63
Dodge: Dodged            |    33 |    24 ||    57
Block: Shield            |    53 |    35 ||    88
